cohdb
Replays
Latest Replays
All Replays
Popular Replays
Top Player Replays
Match Explorer
How It Works
Community
CoH3 Stats
Reddit
Sign in to upload your games and track your stats! →
Sign in with Steam
Match 39702777
Unlisted
Match 39702777
Overview
Messages
Build Orders
End
Kradschützen Motorcycle Team
Panzergrenadier Squad
Panzergrenadier Squad
Panzergrenadier Squad
Construct Light Support Kompanie
Fire Support Elements
Flakvierling Half-track
Vehicle Survival Package
Panzerjäger Mechanized Group
Construct Panzerarmee Kommand
Panzer III L Medium Tank
Selects Armored Support Battlegroup
Selects Salvage Kits
Selects Panzer Storm
Selects Stuka Dive Bomb
Panzer Storm
Panzer III L Medium Tank
Selects Superior Fire Drills
Esxile
Demi
n0_ok
Bruistablet
0
0
Comments
sign in to comment!
No comments posted yet!